IL
CHARLOTTE KNIGHTS @ COLUMBUS CLIPPERS
09/11/2049
 
TOP OF THE 1ST
Charlotte Knights batting - Pitching for Columbus Clippers : RHP Fred Huber
Pitching: RHP Fred Huber
Batting: RHB Jeremy Hoffert 0-0: Ball
1-0: Foul Ball, location: 2F
1-1: Foul Ball, location: 2F
1-2: Strikes out swinging
Batting: SHB Ruben Velasco Jr. 0-0: Called Strike
0-1: Fly out, F4 (Popup, 23, EV 87.5 MPH)
Batting: LHB Justin Stickney 0-0: Ball
1-0: Called Strike
1-1: Foul Ball, location: 2F
1-2: Ball
2-2: Foul Ball, location: 2F
2-2: Foul Ball, location: 2F
2-2: Ball
3-2: SINGLE (Groundball, 4MD, EV 96.2 MPH)
Batting: RHB Mark Jones 0-0: Ball
1-0: Ball
2-0: Foul Ball, location: 2F
2-1: Foul Ball, location: 2F
2-2: Foul Ball, location: 2F
2-2: 2-RUN HOME RUN (Flyball, 7D, EV 98.1 MPH), Distance : 399 ft
Batting: RHB Micah Brown 0-0: Ball
1-0: SINGLE (Groundball, 3D, EV 107.5 MPH)
Batting: RHB Kikuo Sato 0-0: Ball
1-0: Called Strike
1-1: Ground out 4-3 (Groundball, 4S, EV 68.1 MPH)
Top of the 1st over - 2 runs, 3 hits, 0 errors, 1 left on base; Charlotte 2 - Columbus 0
BOTTOM OF THE 1ST
Columbus Clippers batting - Pitching for Charlotte Knights : RHP Jose Barragan
Pitching: RHP Jose Barragan
Batting: SHB Scott Scott 0-0: Called Strike
0-1: Ball
1-1: Fly out, F8 (Flyball, 8LM, EV 88.8 MPH)
Batting: RHB Mike Quackenbush 0-0: Called Strike
0-1: Ball
1-1: Foul Ball, location: 2F
1-2: Ball
2-2: SINGLE (Groundball, 3D, EV 94.4 MPH)
Batting: LHB Zack Berney 0-0: Ball
1-0: Ball
2-0: Foul Ball, location: 2F
2-1: Grounds into double play, 4-6-3 (Groundball, 4, EV 108.1 MPH)
Bottom of the 1st over - 0 runs, 1 hit, 0 errors, 0 left on base; Charlotte 2 - Columbus 0
TOP OF THE 2ND
Charlotte Knights batting - Pitching for Columbus Clippers : RHP Fred Huber
Batting: SHB Josh Conner 0-0: Ground out 5-3 (Groundball, 5, EV 103.8 MPH)
Batting: RHB Steve Waltenbery 0-0: Foul Ball, location: 2F
0-1: Ground out 6-3 (Groundball, 6, EV 105.0 MPH)
Batting: RHB Dunlang Clark 0-0: Called Strike
0-1: Ball
1-1: Foul Ball, location: 2F
1-2: Foul Ball, location: 2F
1-2: Strikes out looking
Top of the 2nd over - 0 runs, 0 hits, 0 errors, 0 left on base; Charlotte 2 - Columbus 0
BOTTOM OF THE 2ND
Columbus Clippers batting - Pitching for Charlotte Knights : RHP Jose Barragan
Batting: LHB Zion Davidson 0-0: Fly out, F6 (Line Drive, 6, EV 63.8 MPH)
Batting: RHB Eddie LaRose 0-0: Called Strike
0-1: Foul Ball, location: 2F
0-2: Strikes out swinging
Batting: LHB Tyler Babbitt 0-0: Called Strike
0-1: Ball
1-1: Swinging Strike
1-2: Foul Ball, location: 2F
1-2: Fly out, F7 (Line Drive, 7S, EV 96.9 MPH)
Bottom of the 2nd over - 0 runs, 0 hits, 0 errors, 0 left on base; Charlotte 2 - Columbus 0
TOP OF THE 3RD
Charlotte Knights batting - Pitching for Columbus Clippers : RHP Fred Huber
Batting: RHB Jeremy Hoffert 0-0: Ball
1-0: Ball
2-0: Ground out 6-3 (Groundball, 56, EV 86.9 MPH)
Batting: SHB Ruben Velasco Jr. 0-0: Ball
1-0: Ball
2-0: Fly out, F9 (Flyball, 9, EV 95.6 MPH)
Batting: LHB Justin Stickney 0-0: Ball
1-0: Called Strike
1-1: Ball
2-1: Foul Ball, location: 2F
2-2: Strikes out swinging
Top of the 3rd over - 0 runs, 0 hits, 0 errors, 0 left on base; Charlotte 2 - Columbus 0
BOTTOM OF THE 3RD
Columbus Clippers batting - Pitching for Charlotte Knights : RHP Jose Barragan
Batting: RHB Kyle Scruggs 0-0: Ball
1-0: Ball
2-0: Called Strike
2-1: Foul Ball, location: 2F
2-2: Ground out 6-3 (Groundball, 6, EV 80.6 MPH)
Batting: RHB George Wagner 0-0: Ground out 2-3 (Groundball, 2R, EV 61.9 MPH)
Batting: RHB Joeri Plas 0-0: Ball
1-0: Ball
2-0: Fly out, F7 (Flyball, 7, EV 92.5 MPH)
Bottom of the 3rd over - 0 runs, 0 hits, 0 errors, 0 left on base; Charlotte 2 - Columbus 0
TOP OF THE 4TH
Charlotte Knights batting - Pitching for Columbus Clippers : RHP Fred Huber
Batting: RHB Mark Jones 0-0: Ball
1-0: Fly out, F7 (Flyball, 78D, EV 110.0 MPH)
Batting: RHB Micah Brown 0-0: Ball
1-0: Fly out, F4 (Popup, 4M, EV 71.2 MPH)
Batting: RHB Kikuo Sato 0-0: Called Strike
0-1: Ball
1-1: Ball
2-1: Called Strike
2-2: Strikes out swinging
Top of the 4th over - 0 runs, 0 hits, 0 errors, 0 left on base; Charlotte 2 - Columbus 0
BOTTOM OF THE 4TH
Columbus Clippers batting - Pitching for Charlotte Knights : RHP Jose Barragan
Batting: SHB Scott Scott 0-0: Foul Ball, location: 2F
0-1: Swinging Strike
0-2: Ball
1-2: Ball
2-2: Ball
3-2: SINGLE (Groundball, 6M, EV 96.2 MPH) (infield hit)
Batting: RHB Mike Quackenbush 0-0: Foul Ball, location: 2F
0-1: Ball
1-1: Swinging Strike
1-2: Ball
2-2: Ball
3-2: Grounds into double play, 6-4-3 (Groundball, 6, EV 86.2 MPH)
Batting: LHB Zack Berney 0-0: Ball
1-0: Foul Ball, location: 2F
1-1: Ball
2-1: Foul Ball, location: 2F
2-2: Ball
3-2: Base on Balls
Batting: LHB Zion Davidson 0-0: Called Strike
0-1: Ball
Zack Berney steals 2nd base (no throw)
1-1: Ground out 1-3 (Groundball, 15S, EV 68.8 MPH)
Bottom of the 4th over - 0 runs, 1 hit, 0 errors, 1 left on base; Charlotte 2 - Columbus 0
TOP OF THE 5TH
Charlotte Knights batting - Pitching for Columbus Clippers : RHP Fred Huber
Batting: SHB Josh Conner 0-0: DOUBLE (Line Drive, 8LXD, EV 96.2 MPH)
Batting: RHB Steve Waltenbery 0-0: Called Strike
0-1: Swinging Strike
0-2: Strikes out swinging
Batting: RHB Dunlang Clark 0-0: Called Strike
0-1: Ball
1-1: Ball
2-1: Swinging Strike
2-2: Ball
3-2: Strikes out looking
Batting: RHB Jeremy Hoffert 0-0: Ball
1-0: Ball
2-0: Ball
3-0: Called Strike
3-1: Fly out, F9 (Flyball, 9S, EV 86.9 MPH)
Top of the 5th over - 0 runs, 1 hit, 0 errors, 1 left on base; Charlotte 2 - Columbus 0
BOTTOM OF THE 5TH
Columbus Clippers batting - Pitching for Charlotte Knights : RHP Jose Barragan
Batting: RHB Eddie LaRose 0-0: Fly out, F9 (Line Drive, 9, EV 89.4 MPH)
Batting: LHB Tyler Babbitt 0-0: Ball
1-0: Ball
2-0: Foul Ball, location: 2F
2-1: Ball
3-1: Ground out 5-3 (Groundball, 56, EV 87.5 MPH)
Batting: RHB Kyle Scruggs 0-0: Ball
1-0: Called Strike
1-1: Ball
2-1: Ground out 6-3 (Groundball, 6, EV 87.5 MPH)
Bottom of the 5th over - 0 runs, 0 hits, 0 errors, 0 left on base; Charlotte 2 - Columbus 0
TOP OF THE 6TH
Charlotte Knights batting - Pitching for Columbus Clippers : RHP Fred Huber
Batting: SHB Ruben Velasco Jr. 0-0: Ball
1-0: Foul Ball, location: 2F
1-1: DOUBLE (Line Drive, 3D, EV 103.8 MPH)
Batting: LHB Justin Stickney 0-0: Fly out, F9 (Flyball, 9D, EV 86.9 MPH)
Runner from 2nd tags up, SAFE at 3rd, no throw by RF
Batting: RHB Mark Jones 0-0: Ball
1-0: Ball
2-0: Ground out 6-3 (Groundball, 6, EV 108.1 MPH)
Ruben Velasco Jr. scores
Batting: RHB Micah Brown 0-0: Swinging Strike
0-1: Foul Ball, location: 2F
0-2: Foul Ball, location: 2F
0-2: Ball
1-2: Ground out 3-1 (Groundball, 13, EV 88.8 MPH)
Top of the 6th over - 1 run, 1 hit, 0 errors, 0 left on base; Charlotte 3 - Columbus 0
BOTTOM OF THE 6TH
Columbus Clippers batting - Pitching for Charlotte Knights : RHP Jose Barragan
Batting: RHB George Wagner 0-0: Foul Ball, location: 2F
0-1: Ball
1-1: Swinging Strike
1-2: Fly out, F9 (Flyball, 89S, EV 84.4 MPH)
Batting: RHB Joeri Plas 0-0: Ball
1-0: Ball
2-0: Ball
3-0: Called Strike
3-1: Base on Balls
Batting: SHB Scott Scott 0-0: Foul Ball, location: 2F
0-1: Called Strike
Joeri Plas steals 2nd base
0-2: Foul Ball, location: 2F
0-2: Ball
1-2: Foul Ball, location: 2F
1-2: Ball
2-2: Ball
3-2: Foul Ball, location: 2F
3-2: SINGLE (Groundball, 56S, EV 68.1 MPH) (infield hit)
Joeri Plas to third
Batting: RHB Mike Quackenbush 0-0: Called Strike
Scott Scott steals 2nd base
0-1: Fly out, F9 (Flyball, 89D, EV 88.1 MPH)
Runner from 3rd tags up, OUT at HOME! 9-2
Bottom of the 6th over - 0 runs, 1 hit, 0 errors, 1 left on base; Charlotte 3 - Columbus 0
TOP OF THE 7TH
Charlotte Knights batting - Pitching for Columbus Clippers : RHP Fred Huber
Batting: RHB Kikuo Sato 0-0: Ball
1-0: Called Strike
1-1: Swinging Strike
1-2: Fly out, F7 (Flyball, 7LS, EV 82.5 MPH)
Batting: SHB Josh Conner 0-0: Called Strike
0-1: Ball
1-1: Ball
2-1: Ball
3-1: Called Strike
3-2: Base on Balls
Batting: RHB Steve Waltenbery 0-0: Ball
1-0: Ball
2-0: Fielders Choice at 2nd, 5-4 (Groundball, 56, EV 88.8 MPH)
Batting: RHB Dunlang Clark 0-0: Ball
Steve Waltenbery steals 2nd base
1-0: Ball
2-0: Ground out U3 (Groundball, 3, EV 84.4 MPH)
Top of the 7th over - 0 runs, 0 hits, 0 errors, 1 left on base; Charlotte 3 - Columbus 0
BOTTOM OF THE 7TH
Columbus Clippers batting - Pitching for Charlotte Knights : RHP Jose Barragan
Now at 2B: Steve Waltenbery
Now at SS: John Iddings
Batting: LHB Zack Berney 0-0: Swinging Strike
0-1: Ball
1-1: DOUBLE (Line Drive, 8RXD, EV 104.4 MPH)
Batting: LHB Zion Davidson 0-0: Foul Ball, location: 2F
0-1: Ball
1-1: Ball
2-1: Foul Ball, location: 2F
2-2: Strikes out swinging
Batting: RHB Eddie LaRose 0-0: Ball
1-0: Ground out 5-3 (Groundball, 56S, EV 61.9 MPH)
Zack Berney to third
Batting: LHB Tyler Babbitt 0-0: Called Strike
0-1: Ball
1-1: Ball
2-1: Foul Ball, location: 2F
2-2: Foul Ball, location: 2F
2-2: Foul Ball, location: 2F
2-2: Foul Ball, location: 2F
2-2: Ground out 6-3 (Groundball, 6M, EV 110.0 MPH)
Bottom of the 7th over - 0 runs, 1 hit, 0 errors, 1 left on base; Charlotte 3 - Columbus 0
TOP OF THE 8TH
Charlotte Knights batting - Pitching for Columbus Clippers : RHP Fred Huber
Batting: RHB Jeremy Hoffert 0-0: Ball
1-0: Fly out, F8 (Flyball, 8LD, EV 86.2 MPH)
Pitching: RHP Josh Hoeye
Batting: SHB Ruben Velasco Jr. 0-0: Ball
1-0: Called Strike
1-1: Foul Ball, location: 2F
1-2: Ground out 6-3 (Groundball, 6, EV 105.6 MPH)
Batting: LHB Justin Stickney 0-0: SINGLE (Groundball, 34D, EV 100.6 MPH)
Batting: RHB Mark Jones 0-0: Called Strike
0-1: Foul Ball, location: 2F
0-2: Strikes out swinging
Top of the 8th over - 0 runs, 1 hit, 0 errors, 1 left on base; Charlotte 3 - Columbus 0
BOTTOM OF THE 8TH
Columbus Clippers batting - Pitching for Charlotte Knights : RHP Jose Barragan
Pitching: RHP Chris Worster
Batting: RHB Kyle Scruggs 0-0: Called Strike
0-1: Ball
1-1: Called Strike
1-2: Strikes out swinging
Pinch Hitting: LHB Jesus Lozano 0-0: Ball
1-0: Ground out 1-3 (Groundball, 13S, EV 70.6 MPH)
Batting: RHB Joeri Plas 0-0: Called Strike
0-1: Ball
1-1: Swinging Strike
1-2: Ground out 5-3 (Groundball, 5S, EV 91.9 MPH)
Bottom of the 8th over - 0 runs, 0 hits, 0 errors, 0 left on base; Charlotte 3 - Columbus 0
TOP OF THE 9TH
Charlotte Knights batting - Pitching for Columbus Clippers : RHP Josh Hoeye
Pitching: RHP Dennis Beals
Now in CF: Chad Thompson
Batting: RHB John Iddings 0-0: Ground out 6-3 (Groundball, 56, EV 101.2 MPH)
Batting: RHB Kikuo Sato 0-0: Ball
1-0: Ball
2-0: SINGLE (Groundball, 6MD, EV 94.4 MPH)
Batting: SHB Josh Conner 0-0: Called Strike
Kikuo Sato steals 2nd base (no throw)
0-1: Foul Ball, location: 2F
0-2: Ball
1-2: Strikes out swinging
Batting: RHB Steve Waltenbery 0-0: Foul Ball, location: 2F
0-1: Ball
Wild Pitch!
Kikuo Sato to third
1-1: Swinging Strike
1-2: Foul Ball, location: 2F
1-2: Strikes out swinging
Top of the 9th over - 0 runs, 1 hit, 0 errors, 1 left on base; Charlotte 3 - Columbus 0
BOTTOM OF THE 9TH
Columbus Clippers batting - Pitching for Charlotte Knights : RHP Chris Worster
Pitching: RHP Tommy Benedict
Batting: SHB Scott Scott 0-0: Called Strike
0-1: DOUBLE (Line Drive, 5D, EV 95.6 MPH)
Batting: RHB Mike Quackenbush 0-0: Ball
1-0: Ball
2-0: Called Strike
2-1: SINGLE (Groundball, 6S, EV 76.9 MPH) (infield hit)
Scott Scott to third
Batting: LHB Zack Berney 0-0: SINGLE (Groundball, 13S, EV 65.0 MPH) (infield hit)
Mike Quackenbush to second
Batting: LHB Zion Davidson 0-0: Foul Ball, location: 2F
0-1: Ground out 4-3 (Groundball, 3D, EV 101.2 MPH)
Scott Scott scores
Mike Quackenbush to third
Zack Berney to second
Batting: RHB Eddie LaRose 0-0: Ball
1-0: Ball
2-0: Ball
3-0: Called Strike
3-1: Base on Balls
Batting: LHB Tyler Babbitt 0-0: Ball
1-0: Called Strike
1-1: Ball
2-1: Swinging Strike
2-2: Ball
3-2: Foul Ball, location: 2F
3-2: Foul Ball, location: 2F
3-2: Strikes out swinging
Batting: RHB Kyle Scruggs 0-0: Ball
1-0: Ball
2-0: Foul Ball, location: 2F
2-1: Ball
3-1: Called Strike
3-2: Foul Ball, location: 2F
3-2: SINGLE (Groundball, 56D, EV 102.5 MPH)
Mike Quackenbush scores
Zack Berney to third
Eddie LaRose to second
Zack Berney scores
Eddie LaRose to third
Batting: RHB Chad Thompson 0-0: Foul Ball, location: 2F
0-1: Swinging Strike
0-2: Strikes out swinging
Bottom of the 9th over - 3 runs, 4 hits, 0 errors, 2 left on base; Charlotte 3 - Columbus 3
TOP OF THE 10TH
Charlotte Knights batting - Pitching for Columbus Clippers : RHP Dennis Beals
Pinch Hitting: LHB Ricardo Pagan 0-0: Swinging Strike
0-1: Called Strike
0-2: Ball
1-2: Foul Ball, location: 2F
1-2: Ball
2-2: Foul Ball, location: 2F
2-2: Foul Ball, location: 2F
2-2: Ball
3-2: Base on Balls
Batting: RHB Jeremy Hoffert 0-0: Sac Bunt to 15S - play at first, batter OUT! 1-3
Ricardo Pagan to second
Batting: SHB Ruben Velasco Jr. 0-0: Intentional Walk
Batting: LHB Justin Stickney 0-0: Called Strike
0-1: Swinging Strike
0-2: Foul Ball, location: 2F
0-2: DOUBLE (Flyball, 8LXD, EV 96.2 MPH)
Ricardo Pagan scores
Ruben Velasco Jr. to third
Batting: RHB Mark Jones 0-0: Intentional Walk
Batting: RHB John Iddings 0-0: Called Strike
0-1: Fly out, F8 (Flyball, 8LS, EV 71.2 MPH)
Pinch Hitting: LHB Adam Tarbutton 0-0: Called Strike
0-1: Ball
1-1: Foul Ball, location: 2F
1-2: Strikes out looking
Top of the 10th over - 1 run, 1 hit, 0 errors, 3 left on base; Charlotte 4 - Columbus 3
BOTTOM OF THE 10TH
Columbus Clippers batting - Pitching for Charlotte Knights : RHP Tommy Benedict
Pitching: RHP Jesus Griego
Now at C: Ricardo Pagan
Now in LF: Adam Tarbutton
Now in CF: Jeremy Hoffert
Batting: RHB Joeri Plas 0-0: Ball
1-0: Ball
2-0: Ball
3-0: Called Strike
3-1: Called Strike
3-2: Strikes out swinging
Batting: SHB Scott Scott 0-0: Ball
1-0: Called Strike
1-1: Ball
2-1: Foul Ball, location: 2F
2-2: Ball
3-2: SINGLE (Line Drive, 5D, EV 104.4 MPH)
Batting: RHB Mike Quackenbush 0-0: Ball
1-0: Swinging Strike
1-1: Grounds into double play, 6-4-3 (Groundball, 6, EV 93.1 MPH)
Bottom of the 10th over - 0 runs, 1 hit, 0 errors, 0 left on base; Charlotte 4 - Columbus 3
Sunday, July 16th , 2023 - OOTP Baseball 24.6 Build 69